 Dungeon Crawl Stone Soup version 0.25-a0-1118-g1a081956a1 (webtiles) character file.

Game seed: 16198071272032632126, levelgen mode: deterministic

1414 Hurvirl the Digger (level 8, 0/44 HPs)
             Began as a Gargoyle Earth Elementalist on May 17, 2020.
             Was a Follower of Vehumet.
             Slain by an orc warrior
             ... wielding a +0 trident
              (14 damage)
             ... on level 6 of the Dungeon.
             The game lasted 00:10:46 (7062 turns).

Hurvirl the Digger (Gargoyle Earth Elementalist)    Turns: 7062, Time: 00:10:48

Health: 0/44       AC: 10    Str: 11    XL:     8   Next: 71%
Magic:  11/15      EV: 16    Int: 19    God:    Vehumet [*.....]
Gold:   250        SH:  0    Dex: 10    Spells: 6/17 levels left

rFire    . . .     SeeInvis .   r - +1 flail (vorpal)
rCold    . . .     Gourm    .   (no shield)
rNeg     + . .     Faith    .   n - +1 robe {MR+}
rPois    ∞         Spirit   .   (no helmet)
rElec    +         Reflect  .   (no cloak)
rCorr    .         Harm     .   w - +1 pair of gloves
MR       +....                  (no boots)
Stlth    +++.......             j - amulet of the acrobat
HPRegen  0.14/turn              q - ring of stealth
MPRegen  0.14/turn              A - +4 ring of evasion

@: no status effects
A: negative energy resistance 1, electricity resistance, unbreathing,
petrification resistance, rot immunity, AC +5
a: Renounce Religion


You were on level 6 of the Dungeon.
You worshipped Vehumet.
Vehumet was aware of your devotion.
You were not hungry.

You visited 2 branches of the dungeon, and saw 7 of its levels.

You collected 250 gold pieces.

Inventory:

Hand Weapons
 r - a +1 vorpal flail (weapon)
 u - a +0 short sword
Missiles
 b - 87 stones (quivered)
Armour
 n - a +1 robe of magic resistance (worn)
 w - a +1 pair of gloves (worn)
Jewellery
 j - an amulet of the acrobat (around neck)
 q - a ring of stealth (left hand)
 A - a +4 ring of evasion (right hand)
Wands
 f - a wand of polymorph (1)
 o - a wand of digging (6)
 C - a wand of random effects (11)
Scrolls
 c - 4 scrolls of amnesia
 i - a scroll of teleportation
 x - a scroll of enchant armour
 y - a scroll of blinking
 z - a scroll of remove curse
Potions
 a - a potion of heal wounds {unknown}
 e - 2 potions of ambrosia
 g - 2 potions of invisibility
 h - a potion of lignification {unknown}
 k - a potion of resistance
 l - 3 potions of curing
 m - a potion of flight {unknown}
 p - a potion of haste {unknown}
 s - 2 potions of might
 t - 2 potions of mutation {unknown}
 v - a potion of brilliance {unknown}
Comestibles
 d - 8 rations
 B - 8 chunks of flesh


   Skills:
 + Level 2.2 Fighting
 + Level 1.8 Maces & Flails
 + Level 2.1 Armour
 + Level 2.3 Dodging
 - Level 2.1 Stealth
 + Level 5.2 Spellcasting
 + Level 5.2 Conjurations
 - Level 0.7 Transmutations
 + Level 7.4 Earth Magic
 + Level 1.8 Evocations


You had 6 spell levels left.
You knew the following spells:

 Your Spells              Type           Power        Failure   Level  Hunger
a - Sandblast             Erth           ####..       1%          1    None
b - Stone Arrow           Conj/Erth      ####..       2%          3    ##.....
c - Lee's Rapid Deconstr  Erth           ####......   16%         5    ######.
d - Passwall              Tmut/Erth      ###.....     3%          2    #......

Your spell library contained the following spells:

 Spells                   Type           Power        Failure   Level  Hunger
 Freeze                   Ice            #...         12%         1    None
 Petrify                  Tmut/Erth      ###.....     22%         4    ####...


Dungeon Overview and Level Annotations

Branches:
Dungeon (6/15)             Temple (1/1) D:4

Altars:
Cheibriados
Dithmenos
Gozag
Hepliaklqana
Kikubaaqudgha
Okawaru
Qazlal
Ru
Sif Muna
Vehumet
Wu Jian
Xom
Zin
The Shining One


Innate Abilities, Weirdness & Mutations

You are resistant to torment.
Your stone body is resilient. (AC +5)
You are immune to poison.
You resist negative energy. (rN+)
You are resistant to electric shocks. (rElec)
You can survive without breathing.
You are immune to petrification.
You are immune to rotting.


Message History

Press: ? - help, Shift-Dir - straight line, p - centaur A rock wall.
The rock shatters into small pieces.
The jackal barely misses you.
The centaur hits you but does no damage.
The orc warrior hits you from afar with a +0 trident!
The jackal closely misses you. The centaur barely misses you.
You hit the bullfrog zombie.
The bullfrog zombie is lightly damaged.
The bullfrog zombie barely misses you. The jackal closely misses you.
The centaur hits you with a +0 trident. The orc warrior barely misses you.
The bullfrog zombie hits you but does no damage.
The jackal bites you but does no damage.
You closely miss the bullfrog zombie.
The bullfrog zombie is lightly damaged.
The centaur closely misses you.
The bullfrog zombie completely misses you.
The jackal bites you but does no damage.
The centaur barely misses you.
The orc warrior hits you from afar with a +0 trident!
You die...

....)###...# .....
##.....##..##..... .
#...##............
.....#.................
......................
#....##5o......#.....
... #hho..........##
..###.##hh..(........#
......Z@coo.......#.##
#########o.......####
#.#....... ..###.....
... .... .. .. ...


You could see an orc warrior, a centaur, a crimson imp, 4 orcs, a bullfrog
zombie and 4 jackals.

Vanquished Creatures
  2 black bears (D:6)
  An ogre (D:4)
  A tengu (D:4)
  A boggart (D:4)
  3 bullfrogs (D:6)
  Dowan (D:4)
  A water moccasin skeleton (D:5)
  A scorpion (D:5)
  2 centaur skeletons (D:5)
  3 orc wizards (D:4)
  2 orc priests
  2 hounds
  2 iguanas
  4 worker ants
  A hound zombie (D:5)
  A hound skeleton (D:4)
  7 adders
  A shadow imp (D:5)
  An ooze (D:6)
  An adder skeleton (D:5)
  2 worms
  2 dart slugs (D:1)
  8 leopard geckos
  15 orcs
  5 bats
  3 giant cockroaches
  7 goblins
  4 hobgoblins
  17 jackals
  3 quokkas
  2 ball pythons
  4 frilled lizards
  4 kobolds
  A quokka zombie (D:5)
  5 rats
120 creatures vanquished.

Vanquished Creatures (others)
  A kobold (D:1)
1 creature vanquished.

Grand Total: 121 creatures vanquished

Notes
Turn   | Place    | Note
-------+----------+-------------------------------------------
     0 | D:1      | Hurvirl the Gargoyle Earth Elementalist began the quest for
                  | the Orb.
     0 | D:1      | Reached XP level 1. HP: 10/10 MP: 3/3
   144 | D:1      | Reached skill level 4 in Earth Magic
   144 | D:1      | Reached XP level 2. HP: 7/15 MP: 1/5
   917 | D:1      | Reached XP level 3. HP: 9/19 MP: 4/6
   922 | D:1      | Learned a level 3 spell: Stone Arrow
  1881 | D:2      | Reached skill level 1 in Conjurations
  2442 | D:2      | Reached XP level 4. HP: 24/24 MP: 3/8
  2992 | D:3      | Learned a level 2 spell: Passwall
  3706 | D:4      | Reached skill level 5 in Earth Magic
  3706 | D:4      | Reached XP level 5. HP: 28/28 MP: 1/9
  3715 | D:4      | Found an ancient bone altar of Kikubaaqudgha.
  3789 | D:4      | Found a shimmering altar of Xom.
  3789 | D:4      | Found a radiant altar of Vehumet.
  3791 | D:4      | Found a shadowy altar of Dithmenos.
  3792 | D:4      | Found an iron altar of Okawaru.
  3797 | D:4      | Became a worshipper of Vehumet
  3800 | D:4      | Found a snail-covered altar of Cheibriados.
  3846 | D:4      | Noticed Duvessa
  3847 | D:4      | Noticed Duvessa
  3847 | D:4      | Duvessa changed into Duvessa the boggart
  3855 | D:4      | Killed Duvessa the boggart
  3861 | D:4      | Noticed Dowan
  3868 | D:4      | Killed Dowan
  3868 | D:4      | Reached XP level 6. HP: 32/32 MP: 4/11
  3961 | D:4      | Noticed an orc warrior
  3975 | D:4      | an orc warrior changed into a tengu
  3976 | D:4      | Reached skill level 6 in Earth Magic
  4442 | D:4      | Reached XP level 7. HP: 36/36 MP: 9/13
  4775 | D:4      | Found a staircase to the Ecumenical Temple.
  4787 | Temple   | Entered the Ecumenical Temple
  4948 | D:4      | Found an ornate altar of the Wu Jian Council.
  5286 | D:5      | Entered Level 5 of the Dungeon
  5313 | D:5      | Found a glowing golden altar of the Shining One.
  5631 | D:5      | Reached * piety under Vehumet
  5631 | D:5      | Offered knowledge of Freeze by Vehumet.
  5631 | D:5      | Reached skill level 7 in Earth Magic
  6249 | D:5      | Reached XP level 8. HP: 19/42 MP: 11/15
  6567 | D:6      | Reached skill level 1 in Fighting
  6568 | D:6      | Reached skill level 1 in Maces & Flails
  6568 | D:6      | Reached skill level 1 in Armour
  6568 | D:6      | Reached skill level 5 in Spellcasting
  6739 | D:6      | Reached skill level 1 in Evocations
  6741 | D:6      | Reached skill level 5 in Conjurations
  6856 | D:6      | Learned a level 5 spell: Lee's Rapid Deconstruction
  7062 | D:6      | Slain by an orc warrior

Illustrated notes

Levels and vault maps discovered:
D:1:      lemuel_arrival_broad_hall, layout_loops_ring
D:2:      layout_basic, first_ration
D:3:      layout_basic, due_unseen_surprise
D:4:      layout_gridville, lemuel_round_altar, old_standard_altar,
          grunt_temple_overflow_open, minmay_temple_entry_drinking_statues,
          uniq_duvessa
D:5:      layout_basic, kennysheep_mini
D:6:      layout_cave_pools
Temple:   eino_temple_lava

Skill      XL: |  1  2  3  4  5  6  7  8 |
---------------+-------------------------+-----
Earth Magic    | 4 5 6 7 |  7.4
Conjurations   | 1 3 4 5 |  5.2
Spellcasting   | 3 4 5 |  5.2
Fighting       | 2 |  2.2
Maces & Flails | 1 |  1.8
Armour         | 2 |  2.1
Dodging        | 2 |  2.3
Evocations     | 1 |  1.8
Stealth        | |  2.1
Transmutations | |  0.7

Action                   |  1- 3 |  4- 6 |  7- 9 || total
-------------------------+-------+-------+-------++-------
Melee: Whip              |     2 |       |       ||     2
       Unarmed           |     1 |       |       ||     1
       Club              |   132 |    40 |       ||   172
       Flail             |       |    48 |   162 ||   210
 Cast: Sandblast         |    23 |    36 |    36 ||    95
       Passwall          |       |     2 |       ||     2
Evoke: Wand              |       |     3 |     5 ||     8
  Use: Scroll            |     5 |     6 |     7 ||    18
       Potion            |       |     1 |       ||     1
 Stab: Sleeping          |     3 |     4 |     7 ||    14
  Eat: Chunk             |     5 |     7 |     8 ||    20
Armor: Robe              |    64 |    36 |    97 ||   197
Dodge: Dodged            |   100 |    83 |   221 ||   404

Table legend:
 A = Non-vault XP
 B = Vault XP
 C = Vault XP percentage of total XP
 D = Non-vault monster count
 E = Vault monster count
 F = Vault count percentage of total count
                 A         B        C        D         E       F
            +---------+---------+-------+---------+---------+-------
      Total |    1824 |     196 |   9.7 |     118 |       2 |   1.7
            +---------+---------+-------+---------+---------+-------
        D:1 |      49 |       0 |   0.0 |      27 |       0 |   0.0
        D:2 |      45 |       0 |   0.0 |      12 |       0 |   0.0
        D:3 |      25 |       0 |   0.0 |      12 |       0 |   0.0
        D:4 |     604 |     196 |  24.5 |      28 |       2 |   6.7
        D:5 |     324 |       0 |   0.0 |      18 |       0 |   0.0
        D:6 |     777 |       0 |   0.0 |      21 |       0 |   0.0
            +---------+---------+-------+---------+---------+-------
